 Dungeon Crawl Stone Soup version 0.19-a0-1899-g2d93087 (webtiles) character file.

104 dobroeutro the Bolt Thrower (level 5, -3/32 HPs)
             Began as a Kobold Hunter on Oct 19, 2016.
             Slain by an orc wizard
             ... wielding a +0 dagger
              (4 damage)
             ... on level 3 of the Dungeon.
             The game lasted 00:02:43 (2124 turns).

dobroeutro the Bolt Thrower (Kobold Hunter)         Turns: 2124, Time: 00:02:43

Health: -3/32      AC:  4    Str: 11    XL:     5   Next: 7%
Magic:  5/5        EV: 14    Int: 12    God:
Gold:   177        SH:  0    Dex: 15    Spells: 0 memorised, 4 levels left

rFire  . . .     SeeInvis .     b - +0 short sword
rCold  . . .     Gourm    .     c - +0 leather armour
rNeg   + . .     Faith    .     (shield restricted)
rPois  .         Spirit   .     i - +0 helmet
rElec  .         Reflect  .     (no cloak)
rCorr  .         Harm     .     (no gloves)
MR     .....                    (no boots)
Stlth  ++........               (no amulet)
                                h - ring of positive energy
                                q - ring of flight

@: slowed, very slow
A: carnivore 3
a: Evoke Flight


You were on level 3 of the Dungeon.
You were not hungry.

You visited 1 branch of the dungeon, and saw 3 of its levels.

You collected 177 gold pieces.

Inventory:

Hand Weapons
 a - a +1 hand crossbow
 b - a +0 short sword (weapon)
Missiles
 d - 19 bolts
Armour
 c - a +0 leather armour (worn)
 i - a +0 helmet (worn)
Jewellery
 h - a ring of positive energy (right hand)
 q - a ring of flight (left hand)
Scrolls
 e - a scroll of remove curse {unknown}
 k - a scroll of amnesia {unknown}
 l - a scroll of recharging {unknown}
 m - 3 scrolls of teleportation {unknown}
 n - a scroll of immolation {unknown}
 p - 2 scrolls of identify {unknown}
 r - a scroll of fog {unknown}
 s - a scroll of fear {unknown}
Potions
 f - a potion of curing {unknown}
 j - 2 potions of might
 o - a potion of haste {unknown}
 t - 2 potions of heal wounds
Comestibles
 g - a beef jerky


   Skills:
 + Level 3.5 Fighting
 - Level 3.0 Short Blades
 + Level 5.7 Crossbows
 - Level 2.4 Dodging
 - Level 1.3 Stealth


You had 4 spell levels left.
You didn't know any spells.

Dungeon Overview and Level Annotations

Branches:
Dungeon (3/15)

Altars:
Makhleb
Vehumet


Innate Abilities, Weirdness & Mutations

You are small and have problems with some larger weapons.
You are carnivorous and can eat meat at any time.


Message History

The orc wizard gestures wildly while chanting. x2
The orc wizard blinks!
The orc wizard hits you with a dagger.
* * * LOW HITPOINT WARNING * * *
You hit the orc wizard.
The orc wizard is lightly wounded.
The orc wizard casts a spell.
The orc wizard blinks!
The orc wizard casts a spell.
The orc wizard gestures at you while chanting.
You feel yourself slow down. The orc wizard hits you with a dagger.
* * * LOW HITPOINT WARNING * * *
The orc wizard hits you but does no damage.
The orc wizard completely misses you.
The orc wizard hits you but does no damage.
The orc wizard points at you and mumbles some strange words.
The magic dart hits you!
* * * LOW HITPOINT WARNING * * *
The orc wizard hits you with a dagger.
You die...

(..# ...# # ..## .#
...##+#.# ###########
####.......# ..........#
#...........
#########.#####.#........#
####.......#........#
#...@#########..#+##.
#.#.o##..............
#.#oo#...............
#.#..#...............
#.#o##.....(...#..###
#.#.........†..#..#
#....##........#..###
####.##..............
#.#########.#...##


You could see an orc priest, an orc wizard and 2 orcs.

Vanquished Creatures
  5 adders (D:2)
  An ooze (D:1)
  A dart slug (D:2)
  2 leopard geckos
  An orc (D:3)
  4 giant cockroaches
  A goblin (D:1)
  8 hobgoblins
  6 jackals (D:2)
  A ball python (D:1)
  3 bats
  2 frilled lizards (D:2)
  6 kobolds
  8 rats
49 creatures vanquished.

Notes
Turn   | Place    | Note
-------+----------+-------------------------------------------
     0 | D:1      | dobroeutro the Kobold Hunter began the quest for the Orb.
     0 | D:1      | Reached XP level 1. HP: 12/12 MP: 1/1
    74 | D:1      | Reached skill level 1 in Short Blades
   212 | D:1      | Reached XP level 2. HP: 14/18 MP: 2/2
   223 | D:1      | Reached skill level 5 in Crossbows
   495 | D:1      | Reached XP level 3. HP: 17/22 MP: 3/3
  1085 | D:2      | Reached XP level 4. HP: 27/27 MP: 4/4
  1496 | D:2      | Found a burning altar of Makhleb.
  1496 | D:2      | Found a radiant altar of Vehumet.
  1982 | D:3      | Reached XP level 5. HP: 32/32 MP: 5/5
  2122 | D:3      | HP: 1/32 [orc wizard/magic dart (2)]
  2124 | D:3      | Slain by an orc wizard

Vault maps used:
D:1:      dpeg_arrival_short_road, kennysheep_crisscross,
          minmay_stone_trees_medium
D:2:      gammafunk_temple_overflow_pools, first_bread

Skill      XL: |  1  2  3  4 |
---------------+-------------+-----
Short Blades   | 1 2 3 |  3.0
Crossbows      | 5 |  5.7
Fighting       | 3 |  3.5
Dodging        | |  2.4
Stealth        | |  1.3

Action                   |  1- 3 |  4- 6 || total
-------------------------+-------+-------++-------
Melee: Short sword       |   113 |    92 ||   205
 Fire: Hand crossbow     |    13 |     7 ||    20
  Use: Potion            |       |     2 ||     2
 Stab: Sleeping          |     4 |     1 ||     5
  Eat: Chunk             |     1 |       ||     1
       Meat ration       |       |     1 ||     1
Armor: Leather armour    |    27 |    26 ||    53
Dodge: Dodged            |    92 |    74 ||   166
